Cogmind - Beta 17.1 @@@ ROGUE MODE // 2026.08.25 @ 15:15:42 Player: obl-vn Result: Destroyed by 0S-Q9V(j) with Overtuned Pulse Rifle Performance ------------- Evolutions (2) 1000 Regions Visited (7) 1400 Robots Destroyed (54) 270 Value Destroyed (1479) 1479 Prototype IDs (36) 720 Alien Tech Used (0) 0 Bonus (7800) 7800 TOTAL SCORE: 12669 Bonus ------- High Alert Combat Kills 13 Follower Combat Kills 816 Prayed to X0-1V1 5000 Major X0-1V1 Interference 1700 Registered with UFD 300 Friendly Fire -29 Cogmind --------- Core Integrity 0/500 Matter 150/1000 Energy 100/100 System Corruption 0% Temperature Cool (42) Movement Core (50) Location -8/Scraptown Parts ------- > --- POWER (1) -------- (None) > --- PROPULSION (2) --- (None) > --- UTILITY (6) ------ Makeshift System Shield > --- WEAPON (4) ------- (None) > --- INVENTORY (5) ---- Ion Engine Reinforced Ion Engine Light Treads High-capacity Storage Unit CPS Tube (2) Peak State ------------ > --- POWER ------------ (None) > --- PROPULSION ------- (None) > --- UTILITY ---------- Large Storage Unit Experimental EM Shield Experimental EM Shield Experimental EM Shield Self-contained Transmogrifier X0-1V1's Piety Tracker > --- WEAPON ----------- (None) > --- INVENTORY -------- Ion Engine Reinforced Ion Engine Improved Deuterium Engine Light Treads Improved Treads Compact Wheel Compact Wheel High-capacity Storage Unit Enhanced Autogun Enhanced Autogun Enhanced Autogun Enhanced Autogun Shock Bomb Launcher Grenade Launcher [Rating: 56] Favorites ----------- Power Ion Engine Engine Ion Engine Power Core Light Nuclear Core Propulsion Improved Treads Treads Improved Treads Wheel Compact Wheel Utility Large Storage Unit Device X0-1V1's Piety Tracker Storage Large Storage Unit Processor Advanced Signal Interpreter Hackware Makeshift Hacking Suite Protection Medium Armor Plating Weapon Enhanced Autogun Energy Gun Shock Rifle Ballistic Gun Enhanced Autogun Ballistic Cannon Assault Cannon Launcher Grenade Launcher Special Weapon CPS Tube Build | -11 -10 -10 -9 -8 -8 -8 -8 ------- Run | Yrd Mat Min Mat Mat Sto Rec Scr Slots Evolved 4 | . . . 2 2 . . . Power . | . . . . . . . . Propulsion . | . . . . . . . . Utility 4 | . . . 2 2 . . . Weapon . | . . . . . . . . Parts Attached 47 | 6 9 1 7 3 5 1 15 Power 8 | 1 1 . 1 1 . . 4 Engine 7 | 1 1 . 1 1 . . 3 Core 1 | . . . . . . . 1 Reactor . | . . . . . . . . Propulsion 8 | 2 2 . . 1 . . 3 Treads 6 | 2 2 . . 1 . . 1 Leg . | . . . . . . . . Wheel 2 | . . . . . . . 2 Hover . | . . . . . . . . Flight . | . . . . . . . . Utility 15 | 1 2 . 2 1 4 1 4 Device 4 | . . . 1 . 1 . 2 Storage 2 | 1 1 . . . . . . Processor 1 | . 1 . . . . . . Hackware . | . . . . . . . . Protection 8 | . . . 1 1 3 1 2 Artifact . | . . . . . . . . Weapon 16 | 2 4 1 4 . 1 . 4 Energy Gun . | . . . . . . . . Energy Cannon . | . . . . . . . . Ballistic Gun 12 | 2 3 1 4 . . . 2 Ballistic Cannon 1 | . . . . . 1 . . Launcher 2 | . 1 . . . . . 1 Special Weapon 1 | . . . . . . . 1 Impact Weapon . | . . . . . . . . Slashing Weapon . | . . . . . . . . Piercing Weapon . | . . . . . . . . Special Melee Weapon . | . . . . . . . . Unidentified Prototypes 3 | . . . 3 . . . . Parts Lost 14 | . 1 . . 4 3 . 6 Power 3 | . 1 . . 2 . . . Propulsion 3 | . . . . 1 . . 2 Utility 6 | . . . . 1 1 . 4 Weapon 2 | . . . . . 2 . . Highest Loss Streak 3 | . 1 . . 3 1 . 3 To Critical Strikes 1 | . . . . 1 . . . Average Backups 13 | . 10 14 13 13 14 14 13 Power 2 | . . 1 1 1 2 3 2 Propulsion 3 | . 3 5 5 4 4 4 3 Utility 1 | . 2 5 4 3 2 1 1 Weapon 5 | . 3 3 2 4 6 6 5 Tool/Special . | . . . . . . . . Unused Backups 13 | . . . . 2 . . 11 Power 1 | . . . . . . . 1 Propulsion 1 | . . . . . . . 1 Utility 7 | . . . . 2 . . 5 Weapon 3 | . . . . . . . 3 Tool/Special 1 | . . . . . . . 1 Average Slot Usage (%) 60 | . 97 98 96 82 90 83 54 Engine 1 | . 13 12 10 7 . . . Treads 4 | . 28 26 20 16 16 16 1 Wheel 1 | . . . . . . . 1 Device 29 | . . 12 18 16 22 19 32 Storage 9 | . 14 12 10 8 8 15 8 Processor 2 | . 11 . . 8 2 . 1 Protection 3 | . . . 8 . 15 13 2 Ballistic Gun 5 | . 27 31 16 25 21 11 2 Peak Build Rating 56 | 6 22 24 43 44 48 45 56 Average Rating 42 | 4 12 21 36 42 45 44 45 On Entrance 27 | . 6 22 21 43 43 39 45 Avg Prop Armor Cover (%) 15 | . . . . . . . 15 Naked Turns . | . . . . . . . . Heaviest Build 55 | 12 31 34 43 37 48 44 55 Greatest Support 58 | 40 46 46 46 46 45 50 58 Greatest Overweight (x) 2 | . . . . . 1 1 2 Average Overweight (x) . | . . . . . . . . Largest Inventory Capacity 15 | 8 15 15 15 15 15 15 15 Average Capacity 14 | 6 13 15 15 15 15 15 14 Most Carried 15 | . 15 15 15 15 15 14 15 Average Carried 13 | . 10 13 13 12 14 14 13 Final Capacity 15 | 8 15 15 15 15 15 15 5 Final Carried 15 | . 15 12 15 15 15 14 5 Transmogrified Parts 178 | . . 2 4 3 1 4 164 Integrity Recovered 809 | . . 5 27 61 7 208 501 Class Distribution -------------------- 84% | Mutant 12% | Tank Dominant Class ---------------- Mutant | -10/Materials Gunner | -10/Mines Tank | -9/Materials Skirmisher | -8/Materials Tank | -8/Storage Mutant | -8/Recycling Mutant | -8/Scraptown Resources | -11 -10 -10 -9 -8 -8 -8 -8 ----------- Run | Yrd Mat Min Mat Mat Sto Rec Scr Matter Collected 2043 | 213 260 32 271 76 611 369 211 Remotely . | . . . . . . . . Salvage Created 1876 | . 516 22 254 174 795 46 69 Parts 108 | . 34 2 10 10 47 5 . Haulers Intercepted 3 | . 1 . 1 . 1 . . Recyclers Shooed 1 | . . . . . 1 . . Parts Field Recycled . | . . . . . . . . Retrieved Matter . | . . . . . . . . Parts Self-Destructed . | . . . . . . . . Prevented . | . . . . . . . . Parts Restored . | . . . . . . . . Kills | -11 -10 -10 -9 -8 -8 -8 -8 ------- Run | Yrd Mat Min Mat Mat Sto Rec Scr Combat Hostiles Destroyed 38 | . 14 . 3 3 15 1 2 Guns 27 | . 10 . . 3 12 . 2 Cannons 7 | . . . 3 . 3 1 . AOE 4 | . 4 . . . . . . Classes Destroyed 14 | . 7 1 1 2 1 . 2 Worker 2 | . . 1 . . 1 . . Tunneler 1 | . . . . 1 . . . Hauler 3 | . 1 . 1 . 1 . . Recycler 3 | . 1 . 1 . 1 . . Mechanic 1 | . 1 . . . . . . Operator 3 | . 1 . 1 . 1 . . Watcher 3 | . 2 . 1 . . . . Swarmer 11 | . 8 . . . 3 . . Grunt 15 | . 6 . 1 2 6 . . Brawler 1 | . . . . 1 . . . Sentry 7 | . . . 2 . 4 1 . Hunter 2 | . . . . . 2 . . Explorer 1 | . . . . . . . 1 Butcher 1 | . . . . . . . 1 Best Kill Streak 7 | . 7 1 1 3 6 1 2 Combat Bots Only 5 | . 5 . 1 3 5 1 2 Max Kills in Single Turn 3 | . 3 1 1 1 1 1 1 Gunslinging . | . . . . . . . . Exploded 2 | . 2 . . . . . . Melee . | . . . . . . . . Uniques/NPCs Destroyed . | . . . . . . . . Combat | -11 -10 -10 -9 -8 -8 -8 -8 -------- Run | Yrd Mat Min Mat Mat Sto Rec Scr Hostile Shots Fired 305 | . 57 . 18 72 81 . 77 Missed 86 | . 19 . 6 19 25 . 17 Hits 219 | . 38 . 12 53 56 . 60 Melee 26 | . . . . 6 . . 20 Projectile 193 | . 38 . 12 47 56 . 40 Critical Strikes 8 | . 2 . 1 2 1 . 2 Damage Taken 3161 | . 364 . 181 772 704 . 1140 Core 777 | . 52 . 29 95 43 . 558 Absorbed by Shields 4 | . . . . . . . 4 Ignored by Resistances 51 | . . . . . . . 51 Regen/Repaired (Parts) 7 | . . . . . . . 7 Core Remaining (%) 78 | 100 . 48 88 . . . . Volleys Fired 135 | . 39 1 14 11 45 12 13 Largest 3 | . 2 2 3 3 3 2 3 Hottest 94 | . 46 46 94 73 85 62 75 Shots Fired 313 | . 75 2 36 34 124 15 27 Gun 254 | . 72 2 12 34 105 7 22 Cannon 50 | . . . 24 . 18 8 . Launcher 8 | . 3 . . . 1 . 4 Special 1 | . . . . . . . 1 Kinetic 304 | . 72 2 36 34 123 15 22 Thermal . | . . . . . . . . Explosive 6 | . 3 . . . 1 . 2 Electromagnetic 2 | . . . . . . . 2 Robot Hit Streak 14 | . 10 2 13 11 14 8 9 Robot Miss Streak 4 | . 2 . 1 1 4 . 4 Penetration Max . | . . . . . . . . Secondary Targets 4 | . . . . . 3 . 1 Max Gunslinging Chain 1 | . . . . . 1 . 1 Shots Hit Robots 200 | . 53 1 27 27 71 7 14 Core Hits 88 | . 29 1 8 6 32 1 11 Critical Kills 1 | . . . . . 1 . . Critical Parts Destroyed 2 | . . . . 1 . 1 . Critical Strikes 4 | . . . 1 1 1 1 . Destroy 3 | . . . . 1 1 1 . Blast 1 | . . . 1 . . . . Melee Attacks . | . . . . . . . . Impact . | . . . . . . . . Slashing . | . . . . . . . . Piercing . | . . . . . . . . Sneak Attacks . | . . . . . . . . Combat Hostiles . | . . . . . . . . Follow-up Attacks . | . . . . . . . . Damage Inflicted 3915 | . 1078 16 553 427 1269 123 449 Guns 2712 | . 766 16 136 427 1043 102 222 Cannons 664 | . . . 417 . 226 21 . Explosions 538 | . 312 . . . . . 226 Melee . | . . . . . . . . Ramming 1 | . . . . . . . 1 Kinetic 3376 | . 766 16 553 427 1269 123 222 Thermal . | . . . . . . . . Explosive 438 | . 312 . . . . . 126 Electromagnetic 100 | . . . . . . . 100 Impact . | . . . . . . . . Slashing . | . . . . . . . . Piercing . | . . . . . . . . Highest Corruption 6 | . . . 6 6 6 6 . Average Corruption 5 | . . . 6 5 6 6 . Corruption Purged . | . . . . . . . . Corruption Blocked . | . . . . . . . . Effects 36 | . . . 5 5 18 8 . Message Errors 4 | . . . 1 . 2 1 . Matter Fused 12 | . . . 1 2 6 3 . Heat Flow Errors 5 | . . . 1 1 1 2 . Energy Discharges 1 | . . . . . 1 . . Parts Rejected 2 | . . . . 1 1 . . Parts Fused 1 | . . . . . 1 . . Data Loss (minor) 4 | . . . . . 3 1 . Data Loss (major) 2 | . . . 1 . 1 . . Misfires 1 | . . . . 1 . . . Weapon Failures 4 | . . . 1 . 2 1 . Overload Shots . | . . . . . . . . Overflow Damage 27 | . . . . . 14 . 13 Projectiles 14 | . . . . . 14 . . Explosions 13 | . . . . . . . 13 Melee . | . . . . . . . . Knockbacks 6 | . . . 2 . 4 . . Impact . | . . . . . . . . Kinetic 5 | . . . 2 . 3 . . Secondary 1 | . . . . . 1 . . Self-Inflicted Damage 43 | . . . . . . . 43 Shots 3 | . . . . . . . 3 Rammed 1 | . . . . . . . 1 Targets Rammed 1 | . . . . . . . 1 Kicked . | . . . . . . . . Crushed . | . . . . . . . . Highest Temperature 382 | . 4 . 382 160 167 253 90 Average Temperature 59 | . 1 . 97 53 20 139 32 Received Heat Transfer 1142 | . 111 . 69 315 237 . 410 Siege Activations . | . . . . . . . . Martial Activations . | . . . . . . . . Shielding Activations . | . . . . . . . . Robots Disrupted . | . . . . . . . . Combat Hostiles . | . . . . . . . . Robots Corrupted . | . . . . . . . . Combat Hostiles . | . . . . . . . . Parts Fried . | . . . . . . . . Impact Corruptions . | . . . . . . . . Robots Melted . | . . . . . . . . Combat Hostiles . | . . . . . . . . Parts Melted . | . . . . . . . . Heat Transferred . | . . . . . . . . Parts Sabotaged . | . . . . . . . . Parts Stolen 5 | . . . . . . . 5 Parts Stripped . | . . . . . . . . Power Chain Reactions . | . . . . . . . . Alert | -11 -10 -10 -9 -8 -8 -8 -8 ------- Run | Yrd Mat Min Mat Mat Sto Rec Scr Maximum Alert Level 2 | . . . . . 2 . . Low Security (%) 87 | 100 100 100 100 100 25 100 . Level 1 11 | . . . . . 67 . . Level 2 1 | . . . . . 7 . . Level 3 . | . . . . . . . . Level 4 . | . . . . . . . . Level 5 . | . . . . . . . . High Security . | . . . . . . . . Max Security . | . . . . . . . . Peak Influence 422 | . 130 16 50 50 422 154 . Initial 154 | . . 16 . 1 10 154 . Average 73 | . 46 6 18 25 266 31 . Influence Increases 1510 | . 451 5 141 106 770 37 . Destroy 0b10 Robot/C 720 | . 280 . 60 60 300 20 . Destroy 0b10 Robot/NC 80 | . 30 5 20 5 20 . . Destroy Leader 162 | . 56 . 34 10 62 . . Successful Hack 46 | . 19 . 11 . 6 10 . Disable Machine 60 | . . . 15 . 45 . . Destroy Structure 25 | . 6 . 1 1 10 7 . Lose Combat Pursuer 105 | . 60 . . 30 15 . . Miscellaneous 312 | . . . . . 312 . . Influence Decreases 1510 | . 408 48 137 84 400 433 . Entered New Map 288 | . . 27 . 3 16 242 . Time Decay 1052 | . 388 21 137 61 254 191 . Search Patrol Dispatched 100 | . . . . . 100 . . Lost Part 60 | . 10 . . 20 30 . . Lost Ally 10 | . 10 . . . . . . Squads Dispatched 6 | . 2 . 1 1 2 . . Investigation . | . . . . . . . . Extermination . | . . . . . . . . Reinforcement 6 | . 2 . 1 1 2 . . Assault . | . . . . . . . . Garrison . | . . . . . . . . Intercept . | . . . . . . . . Searches Triggered 1 | . . . . . 1 . . Construction Impeded . | . . . . . . . . Haulers Reinforced . | . . . . . . . . Active Scanning Responses . | . . . . . . . . Cargo Convoy Interrupts . | . . . . . . . . Stealth | -11 -10 -10 -9 -8 -8 -8 -8 --------- Run | Yrd Mat Min Mat Mat Sto Rec Scr Distress Signals 5 | . 1 . 1 . 3 . . Communications Jammed . | . . . . . . . . Distress Signals . | . . . . . . . . Times Spotted 106 | . 25 . 7 11 23 1 39 Peak Tracking Total 17 | . 7 . 3 7 5 1 17 Tactical Retreats 5 | . 2 . . 1 1 . 1 Traps | -11 -10 -10 -9 -8 -8 -8 -8 ------- Run | Yrd Mat Min Mat Mat Sto Rec Scr Traps Triggered . | . . . . . . . . Indirectly . | . . . . . . . . Trap Hack Attempts . | . . . . . . . . Triggered . | . . . . . . . . Disarmed . | . . . . . . . . Reprogrammed . | . . . . . . . . Reused . | . . . . . . . . Traps Extracted . | . . . . . . . . Installed . | . . . . . . . . Triggered . | . . . . . . . . Machines | -11 -10 -10 -9 -8 -8 -8 -8 ---------- Run | Yrd Mat Min Mat Mat Sto Rec Scr Machines Disabled 9 | . . . 1 . 3 . 5 Max in Single Turn 1 | . . . 1 . 1 . . Machines Repaired . | . . . . . . . . Machines Dismantled . | . . . . . . . . Machines Sabotaged . | . . . . . . . . Overloaded Fab Kills . | . . . . . . . . Hacking | -11 -10 -10 -9 -8 -8 -8 -8 --------- Run | Yrd Mat Min Mat Mat Sto Rec Scr Machines Accessed 15 | . 5 . 4 . 2 4 . Terminals 14 | . 5 . 3 . 2 4 . Fabricators . | . . . . . . . . Repair Stations . | . . . . . . . . Recycling Units . | . . . . . . . . Scanalyzers 1 | . . . 1 . . . . Garrison Access . | . . . . . . . . Total Hacks 32 | . 17 . 7 . 3 5 . Successful 18 | . 9 . 4 . 1 4 . Failed 13 | . 8 . 2 . 2 1 . Catastrophic 1 | . . . . . 1 . . Database Lockouts 1 | . . . 1 . . . . Manual 31 | . 18 . 4 . 5 4 . Terminals 30 | . 17 . 5 . 3 5 . Fabricators . | . . . . . . . . Repair Stations . | . . . . . . . . Recycling Units . | . . . . . . . . Scanalyzers 2 | . . . 2 . . . . Garrison Access . | . . . . . . . . Terminal Hacks 7 | . 1 . 1 . 1 4 . Prototype ID Bank 1 | . 1 . . . . . . Branch Access Points 1 | . . . 1 . . . . Zone Layout 5 | . . . . . 1 4 . Fabricator Hacks . | . . . . . . . . Repair Station Hacks . | . . . . . . . . Recycling Unit Hacks . | . . . . . . . . Scanalyzer 1 | . . . 1 . . . . Retrieve Study 1 | . . . 1 . . . . Garrison Access Hacks . | . . . . . . . . Unauthorized Hacks 10 | . 8 . 2 . . . . Terminals 10 | . 8 . 2 . . . . Track 1 | . 1 . . . . . . Assimilate 2 | . 2 . . . . . . Botnet 1 | . 1 . . . . . . Skim 6 | . 4 . 2 . . . . Fabricators . | . . . . . . . . Repair Stations . | . . . . . . . . Recycling Units . | . . . . . . . . Scanalyzers . | . . . . . . . . Garrison Access . | . . . . . . . . Data Cores Recovered 1 | . . . . . 1 . . Used . | . . . . . . . . Hacking Detections 11 | . 5 . 3 . 1 2 . Full Trace Events . | . . . . . . . . Feedback Events . | . . . . . . . . Feedback Blocked . | . . . . . . . . Robot Schematics Acquired . | . . . . . . . . Robots Built . | . . . . . . . . Authchips . | . . . . . . . . Time . | . . . . . . . . Total Robot Build Rating . | . . . . . . . . Part Schematics Acquired . | . . . . . . . . Parts Built . | . . . . . . . . Authchips . | . . . . . . . . Time . | . . . . . . . . Total Part Build Rating . | . . . . . . . . Part Studies Acquired 1 | . . . 1 . . . . Parts Repaired . | . . . . . . . . Time . | . . . . . . . . Parts Recycled . | . . . . . . . . Recycled Matter . | . . . . . . . . Retrieved Matter . | . . . . . . . . Retrieved Components . | . . . . . . . . Parts Scanalyzed . | . . . . . . . . Part Schematics Acquired . | . . . . . . . . Parts Damaged . | . . . . . . . . Bothacking | -11 -10 -10 -9 -8 -8 -8 -8 ------------ Run | Yrd Mat Min Mat Mat Sto Rec Scr Used RIF Installer . | . . . . . . . . Robots Hacked . | . . . . . . . . Non-combat . | . . . . . . . . Combat . | . . . . . . . . Robot Hacks Applied . | . . . . . . . . Relay Couplers Released . | . . . . . . . . Fabnet Peak Effective % . | . . . . . . . . Robots Rewired . | . . . . . . . . Allies Hacked . | . . . . . . . . Hacks Repelled . | . . . . . . . . Allies | -11 -10 -10 -9 -8 -8 -8 -8 -------- Run | Yrd Mat Min Mat Mat Sto Rec Scr Total Allies 3 | . 1 . . . . . 2 Largest Group 2 | . 1 . . . . . 2 Highest-Rated Group 525 | . 10 . . . . . 525 Highest-Rated Ally 464 | . 10 . . . . . 464 Total Orders 3 | . . . . . . . 3 STAY 1 | . . . . . . . 1 ROAM 1 | . . . . . . . 1 FOLLOW 1 | . . . . . . . 1 Ally Attacks 83 | . . . . . . . 83 Total Damage 5891 | . . . . . . . 5891 Kills 40 | . . . . . . . 40 Allies Corrupted . | . . . . . . . . Allies Melted . | . . . . . . . . X0-1V1 Amusement Gains 99 | . 5 2 4 3 1 4 80 Average Entertainment 15 | . 10 5 6 6 4 6 67 Good Acts 19 | . . 1 3 . 2 4 9 Bad Acts 11 | . . . 4 1 4 2 . Intel | -11 -10 -10 -9 -8 -8 -8 -8 ------- Run | Yrd Mat Min Mat Mat Sto Rec Scr Active Infowar (turns) 6003 | . 867 . 11 153 133 . 4839 Optics 1400 | . 867 . 11 28 . . 494 Sensors 1356 | . . . . . . . 1356 A.S.S. 309 | . . . . . . . 309 IFF 203 | . . . . . . . 203 Terrain 70 | . . . . . . . 70 Structural 328 | . . . . . . . 328 Traps 914 | . . . . . . . 914 Decoding 275 | . . . . . . . 275 Machine Analysis 260 | . . . . 125 133 . 2 Cloaking 29 | . . . . . . . 29 Spoofing 593 | . . . . . . . 593 Jamming 266 | . . . . . . . 266 ECM 11 | . . . . . . . 11 Robot Analysis Total . | . . . . . . . . Derelict Logs Recovered 1 | . . 1 . . . . . Drone Launches 6 | . . . . . . . 6 Drone Recoveries . | . . . . . . . . Exploration | -11 -10 -10 -9 -8 -8 -8 -8 ------------- Run | Yrd Mat Min Mat Mat Sto Rec Scr Turns Passed 19091 | 84 1066 79 382 153 550 897 15880 Spaces Moved 3334 | 49 540 46 195 70 213 547 1674 Core 196 | 2 . . . . . . 194 Treads 2159 | 47 540 46 195 70 213 547 501 Legs . | . . . . . . . . Wheels 979 | . . . . . . . 979 Hover . | . . . . . . . . Flight . | . . . . . . . . Fastest Speed 50 | 50 160 160 160 152 152 152 50 Average Speed 138 | 155 160 160 160 155 166 153 119 Slowest Speed 237 | 160 160 160 160 160 232 237 160 Overloaded Moves . | . . . . . . . . Propulsion Burnouts . | . . . . . . . . Robots Hopped . | . . . . . . . . Potential Cave-ins . | . . . . . . . . Cave-ins Triggered . | . . . . . . . . Exploration Rate (%) 44 | 4 95 21 23 9 43 75 82 Regions Visited 7 Branch Regions 4 Pre-discovered Areas 1 | . . . . . . . 1 Known Exits Taken 2 | . . . 1 1 . . . Unknown Exits Taken 5 | 1 1 1 . . 1 1 . Scrap Searched 3 | . . . . . . . 3 Spaces Dug . | . . . . . . . . Terrain Destroyed 14 | . 3 . . . 7 . 4 Melee . | . . . . . . . . Projectile . | . . . . . . . . AOE 14 | . 3 . . . 7 . 4 Terrain Rammed . | . . . . . . . . Walls Destroyed . | . . . . . . . . Machines Disabled . | . . . . . . . . Actions | -11 -10 -10 -9 -8 -8 -8 -8 --------- Run | Yrd Mat Min Mat Mat Sto Rec Scr Total 17554 | 54 664 49 236 92 326 589 15544 Wait 13937 | . 55 . 10 1 55 28 13788 Move 3327 | 48 539 45 194 69 212 546 1674 Hop . | . . . . . . . . Pick Up 46 | . 17 . 4 5 4 . 16 Fast Attach 21 | 6 3 . 5 1 1 1 4 Attach 23 | . . 1 2 3 5 1 11 Detach 3 | . . . 1 . 1 . 1 Swap 20 | . 7 2 1 . 2 . 8 Drop 38 | . 4 . 5 2 1 1 25 Fire 135 | . 39 1 14 11 45 12 13 Melee . | . . . . . . . . Ram 1 | . . . . . . . 1 Kick . | . . . . . . . . Crush . | . . . . . . . . Escape Stasis . | . . . . . . . . Rewire 3 | . . . . . . . 3 Trap . | . . . . . . . . Miscellaneous . | . . . . . . . . Route ------- -11/Scrapyard -10/Materials (discovered 6 exits: *Mat x3 / [*Min x2] / [*Sub]) -10/Mines -9/Materials (discovered 4 exits: *Mat x2 / Min x2) -8/Materials -8/Storage -8/Recycling (discovered 2 exits: *Fac / [*Scr]) -8/Scraptown (discovered 2 exits: *Fac x2) History --------- Turn | Location | Event 45 | -11/Scrapyard | Discovered new exit (range 15) 85 | -11/Scrapyard | Entered Materials 154 | -10/Materials | Discovered new exit (range 5) 314 | -10/Materials | Build established: Mutant 413 | -10/Materials | Discovered new exit (range 10) 599 | -10/Materials | Discovered new exit (range 16) 869 | -10/Materials | Discovered new exit (range 7) 961 | -10/Materials | Discovered new exit (range 8) 1102 | -10/Materials | Discovered new exit (range 9) 1122 | -10/Materials | Made a sacrifice at D.C.S.S. Altar Unit 1122 | -10/Materials | Forcibly received Sfc. Transmogifier from X0-1V1 1123 | -10/Materials | Core integrity fell below 50% 1151 | -10/Materials | Entered Mines 1188 | -10/Mines | Weapon slot count permanently improved by X0-1V1 (+1) 1205 | -10/Mines | Discovered new exit (range 14) 1230 | -10/Mines | Entered Materials 1230 | -9/Materials | Evolved 2 slots: Utility x2 1248 | -9/Materials | Central database locked down 1259 | -9/Materials | Identified exit to Mines 1383 | -9/Materials | Identified exit to Materials 1383 | -9/Materials | X0-1V1 revealed exit location to -8/Materials 1401 | -9/Materials | X0-1V1 activates XOMVISION 1430 | -9/Materials | X0-1V1 sent you into danger 1476 | -9/Materials | X0-1V1 vaporized surrounding terrain (radius 16) 1532 | -9/Materials | X0-1V1 made a cryptic comment about sterilization and BL-4Z3 1579 | -9/Materials | Discovered exit to Materials (range 4) 1581 | -9/Materials | Build established: Tank 1612 | -9/Materials | Entered another Materials area 1612 | -8/Materials | Evolved 2 slots: Utility x2 1613 | -8/Materials | Identified exit to Storage 1621 | -8/Materials | X0-1V1 sent you into danger 1683 | -8/Materials | Lost 3 parts (1p1n1u) 1765 | -8/Materials | Entered Storage 1846 | -8/Storage | X0-1V1 added 0b10 threat records associated with you (minor) 1971 | -8/Storage | X0-1V1 added 0b10 threat records associated with you (minor) 2165 | -8/Storage | Search patrols dispatched 2224 | -8/Storage | X0-1V1 upgraded hostiles (x1) 2309 | -8/Storage | Used back door to open Recycling access 2309 | -8/Storage | Discovered new exit (range 4) 2315 | -8/Storage | Entered Recycling 2443 | -8/Recycling | Energy generation permanently improved by X0-1V1 (+10; -100 max core) 2449 | -8/Recycling | Discovered new exit (range 6) 2564 | -8/Recycling | Build established: Mutant 3177 | -8/Recycling | Scanned before Scraplab entrance 3198 | -8/Recycling | Entered Scraplab 3210 | -8/Recycling | Discovered new exit (range 2) 3212 | -8/Recycling | Entered Scraptown 3476 | -8/Scraptown | Discovered new exit (range 11) 3612 | -8/Scraptown | Heard Great Nut preacher, LISTEN AND RECITE! 3631 | -8/Scraptown | Visited Symbiants 3658 | -8/Scraptown | Visited UFD Registry 3658 | -8/Scraptown | Registered with UFD as "Pyrohead" 3707 | -8/Scraptown | Visited Observation Area 3759 | -8/Scraptown | Visited Chapter 10 3810 | -8/Scraptown | Visited Junk Repository 3861 | -8/Scraptown | Visited Botcube Research 3927 | -8/Scraptown | Visited Junk Repository 3994 | -8/Scraptown | Visited Shadow of the Wyrm 17652 | -8/Scraptown | Found Scrap Suit 17666 | -8/Scraptown | Build established: Tank 18334 | -8/Scraptown | Found Botcube 18349 | -8/Scraptown | Botcube activated 18369 | -8/Scraptown | Botcube completed mutation into treaded form, armed with 2 launchers 18382 | -8/Scraptown | Attached CPS modules to *forgive me child 18933 | -8/Scraptown | X0-1V1 brought Wyrm Statue to life 18933 | -8/Scraptown | Attacked by Scraptown defenders 18969 | -8/Scraptown | Weapon slot count temporarily expanded by X0-1V1 (+1) 18976 | -8/Scraptown | Lost 6 allies 18984 | -8/Scraptown | Core integrity fell below 50% 18989 | -8/Scraptown | Core integrity restored by X0-1V1 (+87) 18998 | -8/Scraptown | Lost 3 parts (1n2u) 19020 | -8/Scraptown | X0-1V1 activates XOMVISION 19045 | -8/Scraptown | Identified exit to Factory 19045 | -8/Scraptown | X0-1V1 revealed exit location to -6/Factory 19058 | -8/Scraptown | Core integrity permanently improved by X0-1V1 (+200) 19091 | -8/Scraptown | Core integrity fell below 20% 19092 | -8/Scraptown | Destroyed by 0S-Q9V(j) with Overtuned Pulse Rifle Last Messages --------------- fun over that way." 19045_ EXIT=REVEALED: FACTORY 19049_ Exp. Focal Shield destroyed. 19050_ Machine disabled. 19056_ X0-1V1 makes important surrounding features appear closer to you (+2 sight range). 19058_ X0-1V1: "Even if you take a beating, with so many spare parts around there is always hope your cute little core will rise from the ashes to exact glorious revenge." (permanent +200 core integrity) 19067_ QV-4WI(j): "If it isn't public enemy #1: the new Pyrohead!" 19069_ Com. Wheel destroyed. 19072_ X0-1V1's Piety Tracker destroyed. 19072_ X0-1V1 is mildly amused. 19090_ Slammed into QV-4WI(j). 19091_ Critical hit (Burn: +50). 19092_ X0-1V1 howls with laughter! Map ----- +----------------------------------------------------+ | | | | | | | | | | | | | | | | | | | | | | | | | | | | | | | | | | | | | | | | | | | ?????????????????????????????????????????????????? | | ??###????????????????#########???????????????????? | | "?"""????????????????#"" ##??????????????????? | | "????????????????#"